[Event "EYCC Open-U16 2019"]
[Site "Bratislava"]
[Date "2019.08.04"]
[Round "3.1"]
[White "Bacrot, Alexandre"]
[Black "Teclaf, Pawel"]
[Result "1/2-1/2"]
[ECO "A48"]
[WhiteElo "2265"]
[BlackElo "2454"]
[Annotator "ChessBase"]
[PlyCount "52"]
[EventDate "2019.08.02"]
[EventType "swiss"]
[EventCountry "SVK"]
[SourceTitle "playchess.com"]
[Source "ChessBase"]
[SourceQuality "1"]
[TimeControl "40/5400+30:1800+30"]

1. d4 Nf6 2. Nf3 g6 3. Nbd2 d5 4. b4 Bg7 5. e3 O-O 6. Be2 b6 7. Bb2 Bb7 8. O-O Nbd7 9. c4 dxc4 10. Bxc4 c5 11. Qb3 cxb4 12. Qxb4 e6 13. a4 Ne4 14. Nxe4 Bxe4 15. Nd2 Bb7 16. e4 Nf6 17. Rfe1 Bh6 18. f3 a5 19. Qc3 Rc8 20. Rad1 Bxd2 21. Rxd2 Bd5 22. exd5 exd5 23. Rde2 Rxc4 24. Qe3 Qd7 25. Ba3 Re8 26. Qh6 Rcc8 1/2-1/2

[Event "EYCC Open-U16 2019"]
[Site "Bratislava"]
[Date "2019.08.04"]
[Round "3.2"]
[White "Horvath, Dominik"]
[Black "De Boer, Eelke"]
[Result "0-1"]
[ECO "A05"]
[WhiteElo "2424"]
[BlackElo "2279"]
[Annotator "NA"]
[PlyCount "56"]
[EventDate "2019.08.02"]
[EventType "swiss"]
[EventCountry "SVK"]
[SourceTitle "playchess.com"]
[Source "ChessBase"]
[SourceQuality "1"]
[TimeControl "40/5400+30:1800+30"]

1. Nf3 Nf6 2. c4 g6 3. g3 Bg7 4. Nc3 O-O 5. Bg2 c5 6. d4 cxd4 7. Nxd4 Qc7 8. Ndb5 Qxc4 9. b3 Qc5 10. Ba3 Qe5 11. e4 Nxe4 12. Bxe4 f5 13. f4 Qe6 14. Nd5 a6 15. Nbc3 Bxc3+ 16. Nxc3 fxe4 17. Nd5 d6 18. Nc7 Qf6 19. Nxa8 Qc3+ 20. Kf2 e3+ 21. Kg1 e2 22. Qc1 Qd4+ 23. Kg2 b5 24. Qc7 Qe4+ 25. Kf2 Bb7 26. Qc3 Rc8 27. Nc7 Rxc7 28. Qxc7 e1=Q+ 0-1

[Event "EYCC Open-U16 2019"]
[Site "Bratislava"]
[Date "2019.08.04"]
[Round "3.3"]
[White "Globus, Or"]
[Black "Van Dael, Siem"]
[Result "1/2-1/2"]
[ECO "D11"]
[WhiteElo "2352"]
[BlackElo "2319"]
[Annotator "NA"]
[PlyCount "27"]
[EventDate "2019.08.02"]
[EventType "swiss"]
[EventCountry "SVK"]
[SourceTitle "playchess.com"]
[Source "ChessBase"]
[SourceQuality "1"]
[TimeControl "40/5400+30:1800+30"]

1. d4 d5 2. c4 c6 3. Nf3 Nf6 4. e3 Bg4 5. h3 Bh5 6. g4 Bg6 7. Ne5 e6 8. Nd2 Nbd7 9. Nxg6 hxg6 10. Bg2 g5 11. O-O Be7 12. Re1 Qc7 13. cxd5 cxd5 14. e4 1/2-1/2

[Event "EYCC Open-U16 2019"]
[Site "Bratislava"]
[Date "2019.08.04"]
[Round "3.4"]
[White "Pogosyan, Stefan"]
[Black "Juksta, Karolis"]
[Result "1-0"]
[ECO "D37"]
[WhiteElo "2334"]
[BlackElo "2261"]
[Annotator "NA"]
[PlyCount "88"]
[EventDate "2019.08.02"]
[EventType "swiss"]
[EventCountry "SVK"]
[SourceTitle "playchess.com"]
[Source "ChessBase"]
[SourceQuality "1"]
[TimeControl "40/5400+30:1800+30"]

1. d4 d5 2. c4 e6 3. Nf3 Nf6 4. Nc3 Nbd7 5. Bg5 h6 6. Bh4 Be7 7. e3 O-O 8. Rc1 c5 9. cxd5 Nxd5 10. Bxe7 Nxe7 11. Bb5 cxd4 12. Qxd4 Nf6 13. O-O Qxd4 14. Nxd4 a6 15. Be2 Bd7 16. Bf3 Rab8 17. Rfd1 Rfc8 18. Ne4 Nxe4 19. Bxe4 b6 20. Kf1 e5 21. Nf3 Bb5+ 22. Ke1 f6 23. Nh4 Rxc1 24. Rxc1 Rc8 25. Rd1 Kf7 26. b3 Ke6 27. g4 Kf7 28. Nf5 Nxf5 29. Bxf5 Rc7 30. a4 Be8 31. Rd8 Rc3 32. h4 Rxb3 33. h5 Bxa4 34. Bg6+ Ke6 35. Rg8 Rc3 36. Rxg7 Bc6 37. Bf5+ Kd5 38. Rg6 a5 39. Kd2 Ra3 40. Rxf6 a4 41. g5 b5 42. gxh6 Ra2+ 43. Bc2 Kc5 44. Rxc6+ Kd5 1-0

[Event "EYCC Open-U16 2019"]
[Site "Bratislava"]
[Date "2019.08.04"]
[Round "3.5"]
[White "Stefansson, Vignir Vatnar"]
[Black "Svanda, Ondrej"]
[Result "1-0"]
[ECO "D92"]
[WhiteElo "2293"]
[BlackElo "2234"]
[Annotator "NA"]
[PlyCount "55"]
[EventDate "2019.08.02"]
[EventType "swiss"]
[EventCountry "SVK"]
[SourceTitle "playchess.com"]
[Source "ChessBase"]
[SourceQuality "1"]
[TimeControl "40/5400+30:1800+30"]

1. d4 Nf6 2. c4 g6 3. Nc3 d5 4. Bf4 Bg7 5. Nf3 O-O 6. Rc1 dxc4 7. e4 Bg4 8. Bxc4 Nh5 9. Be3 Bxf3 10. gxf3 e5 11. dxe5 Qxd1+ 12. Rxd1 Bxe5 13. Ne2 Nc6 14. Bd5 Bxb2 15. Rb1 Ne5 16. f4 Nf3+ 17. Kf1 c6 18. Bc4 b5 19. Rxb2 bxc4 20. Kg2 Nh4+ 21. Kh3 g5 22. fxg5 Ng6 23. Kg4 Ng7 24. f4 f5+ 25. gxf6 Rxf6 26. Bd4 Rd6 27. f5 Nf8 28. Rg1 1-0

[Event "EYCC Open-U16 2019"]
[Site "Bratislava"]
[Date "2019.08.04"]
[Round "3.6"]
[White "Sargsyan, Tigran R."]
[Black "Turcan, Richard"]
[Result "1-0"]
[ECO "D83"]
[WhiteElo "2314"]
[BlackElo "2232"]
[Annotator "NA"]
[PlyCount "61"]
[EventDate "2019.08.02"]
[EventType "swiss"]
[EventCountry "SVK"]
[SourceTitle "playchess.com"]
[Source "ChessBase"]
[SourceQuality "1"]
[TimeControl "40/5400+30:1800+30"]

1. d4 Nf6 2. c4 g6 3. Nc3 d5 4. Bf4 Bg7 5. e3 O-O 6. Rc1 Be6 7. c5 c6 8. Nf3 Bc8 9. h3 Nbd7 10. Be2 Ne4 11. Nxe4 dxe4 12. Ng5 Nf6 13. Be5 Bf5 14. g4 h6 15. gxf5 hxg5 16. fxg6 fxg6 17. Bxf6 Rxf6 18. Bc4+ Kh7 19. h4 g4 20. Qxg4 Qa5+ 21. Rc3 Qb4 22. h5 g5 23. h6 Bf8 24. Qxe4+ Kh8 25. Bd3 Rf7 26. Qg6 Qxb2 27. Qxf7 Qxc3+ 28. Ke2 Qb2+ 29. Kf3 g4+ 30. Kg2 Bxh6 31. Qh7# 1-0

[Event "EYCC Open-U16 2019"]
[Site "Bratislava"]
[Date "2019.08.04"]
[Round "3.7"]
[White "Malovanyi, Yulian"]
[Black "Barseghyan, Armen Ar."]
[Result "0-1"]
[ECO "B31"]
[WhiteElo "2204"]
[BlackElo "2313"]
[Annotator "NA"]
[PlyCount "96"]
[EventDate "2019.08.02"]
[EventType "swiss"]
[EventCountry "SVK"]
[SourceTitle "playchess.com"]
[Source "ChessBase"]
[SourceQuality "1"]
[TimeControl "40/5400+30:1800+30"]

1. e4 c5 2. Nf3 Nc6 3. Bb5 g6 4. Bxc6 dxc6 5. h3 Bg7 6. d3 Nf6 7. Nc3 Nd7 8. Be3 e5 9. Qd2 h6 10. O-O b6 11. Nh2 Nf8 12. f4 exf4 13. Bxf4 Ne6 14. Bg3 Qg5 15. Qe1 Nd4 16. Qf2 O-O 17. Bf4 Qd8 18. Rae1 f5 19. exf5 Bxf5 20. Qd2 Qh4 21. Nf3 Nxf3+ 22. Rxf3 Rae8 23. Rxe8 Rxe8 24. Kh2 h5 25. Rf2 Kh7 26. Nd1 Bd4 27. Rf1 Qe7 28. c3 Be5 29. d4 cxd4 30. cxd4 Bg7 31. Ne3 Qe4 32. Nxf5 Qxf5 33. Rf2 Qd5 34. Re2 Rxe2 35. Qxe2 Qxd4 36. Bc1 Qd6+ 37. Kh1 Qc5 38. Be3 Qe5 39. Qf3 Qxb2 40. Qxc6 Qa1+ 41. Bg1 Qxa2 42. Qd7 Qa1 43. Kh2 a5 44. Bxb6 a4 45. g4 Qb2+ 46. Kh1 Qxb6 47. gxh5 Qb1+ 48. Kg2 Qe4+ 0-1

[Event "EYCC Open-U16 2019"]
[Site "Bratislava"]
[Date "2019.08.04"]
[Round "3.8"]
[White "Fecker, Noah"]
[Black "Timoshin, Andrei"]
[Result "0-1"]
[ECO "B31"]
[WhiteElo "2313"]
[BlackElo "2154"]
[Annotator "NA"]
[PlyCount "152"]
[EventDate "2019.08.02"]
[EventType "swiss"]
[EventCountry "SVK"]
[SourceTitle "playchess.com"]
[Source "ChessBase"]
[SourceQuality "1"]
[TimeControl "40/5400+30:1800+30"]

1. e4 c5 2. Nf3 Nc6 3. Bb5 g6 4. c3 Bg7 5. d4 cxd4 6. cxd4 Nf6 7. Nc3 d5 8. Ne5 Bd7 9. Nxd7 Nxd7 10. e5 a6 11. Be2 e6 12. Rb1 Qh4 13. Be3 O-O 14. g3 Qe7 15. f4 f6 16. exf6 Bxf6 17. Bg4 Rfe8 18. O-O Qg7 19. Ne2 Nb6 20. b3 Nc8 21. Qd3 Nd6 22. Rfd1 Rac8 23. a3 Rc7 24. Kg2 Nf5 25. Bf2 Qe7 26. b4 b5 27. Rbc1 Rec8 28. Rc5 Nd6 29. Nc3 Qf7 30. Re1 Nd8 31. Rc1 N8b7 32. Rxc7 Rxc7 33. Re1 Nf5 34. Bf3 Kf8 35. g4 Nh4+ 36. Bxh4 Bxh4 37. Rf1 Bf6 38. f5 gxf5 39. gxf5 Qg7+ 40. Kh1 Bxd4 41. Ne2 Be5 42. fxe6 Ke7 43. Bxd5 Nd6 44. Qe3 Kd8 45. Rg1 Qf6 46. Qb6 Nf5 47. Bc6 Qxe6 48. Qb8+ Rc8 49. Qb6+ Ke7 50. Qc5+ Kf6 51. Bd5 Rxc5 52. Bxe6 Rc2 53. Bxf5 Kxf5 54. Ng3+ Kf4 55. Rf1+ Kg4 56. Rf7 h5 57. Nf1 Rc3 58. Re7 Bf4 59. Rg7+ Kf3 60. Rf7 Rxa3 61. Nd2+ Ke3 62. Nf1+ Ke4 63. Kg2 Ra2+ 64. Kh3 Rf2 65. Re7+ Kf3 66. Ng3 h4 67. Rf7 hxg3 68. hxg3 Ke3 69. gxf4 Rxf4 70. Ra7 Kd3 71. Kg3 Rxb4 72. Rxa6 Re4 73. Kf3 Re8 74. Rb6 Rf8+ 75. Kg2 Kc4 76. Rc6+ Kb3 0-1

[Event "EYCC Open-U16 2019"]
[Site "Bratislava"]
[Date "2019.08.04"]
[Round "3.9"]
[White "Stankovic, Milos M"]
[Black "Mis, Mieszko"]
[Result "0-1"]
[ECO "A45"]
[WhiteElo "2270"]
[BlackElo "2284"]
[Annotator "NA"]
[PlyCount "82"]
[EventDate "2019.08.02"]
[EventType "swiss"]
[EventCountry "SVK"]
[SourceTitle "playchess.com"]
[Source "ChessBase"]
[SourceQuality "1"]
[TimeControl "40/5400+30:1800+30"]

1. d4 Nf6 2. Bg5 e6 3. e4 h6 4. Bxf6 Qxf6 5. c3 c5 6. Nf3 cxd4 7. cxd4 Bb4+ 8. Nc3 O-O 9. Rc1 d6 10. Be2 e5 11. O-O Bxc3 12. Rxc3 Bg4 13. d5 Bxf3 14. Bxf3 Nd7 15. b4 Qd8 16. Qc2 a5 17. a3 axb4 18. axb4 Qb6 19. Rb1 Nf6 20. Be2 Ra7 21. h3 g6 22. g3 Rfa8 23. Rc8+ Rxc8 24. Qxc8+ Kg7 25. Qc4 Ra3 26. Kg2 Qa7 27. Rb2 b5 28. Qc2 Qd4 29. f3 Qe3 30. Qd2 Qb6 31. Ra2 Rxa2 32. Qxa2 Nh5 33. Bf1 Qd4 34. Bxb5 Qxb4 35. Be2 Qe1 36. h4 Qxg3+ 37. Kf1 Qh2 38. Bc4 Ng3+ 39. Ke1 Qg1+ 40. Kd2 Qf2+ 41. Kc1 Qxf3 0-1

[Event "EYCC Open-U16 2019"]
[Site "Bratislava"]
[Date "2019.08.04"]
[Round "3.10"]
[White "Mukhutdinov, Tigran"]
[Black "Minko, Dmitry"]
[Result "1-0"]
[ECO "C45"]
[WhiteElo "2328"]
[BlackElo "2061"]
[Annotator "NA"]
[PlyCount "79"]
[EventDate "2019.08.02"]
[EventType "swiss"]
[EventCountry "SVK"]
[SourceTitle "playchess.com"]
[Source "ChessBase"]
[SourceQuality "1"]
[TimeControl "40/5400+30:1800+30"]

1. e4 e5 2. Nf3 Nc6 3. d4 exd4 4. Nxd4 Bc5 5. Nxc6 Qf6 6. Qf3 Qxf3 7. gxf3 bxc6 8. Be3 Bb6 9. c4 Bxe3 10. fxe3 d6 11. Rg1 Ne7 12. Nc3 O-O 13. c5 d5 14. Rd1 Be6 15. e5 Ng6 16. f4 Bf5 17. Rg5 Nh4 18. Kf2 f6 19. Rh5 Bg4 20. Rxh4 Bxd1 21. Nxd1 fxe5 22. Bd3 g6 23. Ke2 Rae8 24. Kd2 e4 25. Ba6 h5 26. Nc3 Kg7 27. Rh3 Kh6 28. Rg3 d4 29. exd4 Rxf4 30. Ke3 Rh4 31. h3 g5 32. b4 Rf4 33. Be2 Rb8 34. Nxe4 Rxb4 35. Nxg5 Rbxd4 36. Nf7+ Kh7 37. Bd3+ Rxd3+ 38. Kxf4 Rd2 39. a3 Rc2 40. Ng5+ 1-0

[Event "EYCC Open-U16 2019"]
[Site "Bratislava"]
[Date "2019.08.04"]
[Round "3.11"]
[White "Kacharava, Nikolozi"]
[Black "Cohen Revivo, Shoham"]
[Result "1-0"]
[ECO "C07"]
[WhiteElo "2431"]
[BlackElo "2254"]
[Annotator "NA"]
[PlyCount "111"]
[EventDate "2019.08.02"]
[EventType "swiss"]
[EventCountry "SVK"]
[SourceTitle "playchess.com"]
[Source "ChessBase"]
[SourceQuality "1"]
[TimeControl "40/5400+30:1800+30"]

1. e4 e6 2. d4 d5 3. Nd2 c5 4. exd5 Qxd5 5. Ngf3 cxd4 6. Bc4 Qd7 7. O-O Nc6 8. Nb3 Nf6 9. Nbxd4 a6 10. Re1 Nxd4 11. Nxd4 Bc5 12. c3 b5 13. Bb3 Bb7 14. Bg5 Ne4 15. Bf4 O-O 16. Bc2 Nf6 17. Be5 Qd5 18. f3 Ng4 19. Bg3 Bxd4+ 20. cxd4 Nf6 21. Be5 Rac8 22. Qd2 Rfd8 23. b3 Ne8 24. Rad1 f6 25. Bg3 Qd7 26. Bb1 Nd6 27. Qd3 g6 28. Bf2 Bd5 29. h4 Qc7 30. Qd2 Nf5 31. Rc1 Qd6 32. Rc5 Kg7 33. Rec1 Ne7 34. Bd3 Rxc5 35. dxc5 Qc7 36. Qc2 Nc6 37. Bf1 Qf4 38. Rd1 Kf7 39. Qc3 Qe5 40. Qc1 Kg7 41. Qa3 Qc3 42. Qxa6 Ne5 43. Qxb5 Nxf3+ 44. gxf3 Qxf3 45. Rxd5 Qg4+ 46. Kh2 Rxd5 47. Bg2 Rf5 48. Qd7+ Kh6 49. Qd2+ g5 50. Bh3 Qf4+ 51. Qxf4 Rxf4 52. Kg3 Re4 53. c6 Re2 54. hxg5+ Kxg5 55. Bf1 Rc2 56. Bc4 1-0

[Event "EYCC Open-U16 2019"]
[Site "Bratislava"]
[Date "2019.08.04"]
[Round "3.12"]
[White "Ceres, Dragos"]
[Black "Subelj, Jan"]
[Result "1/2-1/2"]
[ECO "C50"]
[WhiteElo "2266"]
[BlackElo "2425"]
[Annotator "NA"]
[PlyCount "80"]
[EventDate "2019.08.02"]
[EventType "swiss"]
[EventCountry "SVK"]
[SourceTitle "playchess.com"]
[Source "ChessBase"]
[SourceQuality "1"]
[TimeControl "40/5400+30:1800+30"]

1. e4 e5 2. Nf3 Nc6 3. Bc4 Bc5 4. O-O Nf6 5. d3 d6 6. c3 h6 7. Nbd2 a5 8. Re1 O-O 9. Nf1 Be6 10. Bb5 Ba7 11. Ng3 Ne7 12. d4 Ng6 13. h3 c6 14. Bf1 Qc7 15. Be3 Rad8 16. Qc2 exd4 17. cxd4 d5 18. e5 Ne4 19. Bd3 Nxg3 20. fxg3 Ne7 21. g4 c5 22. Qd2 c4 23. Bc2 Nc6 24. Rad1 f6 25. exf6 Rxf6 26. Bb1 Rdf8 27. Qc2 g5 28. Rf1 Qg7 29. Qd2 Bf7 30. h4 gxh4 31. Nxh4 Rxf1+ 32. Rxf1 Be6 33. Rxf8+ Qxf8 34. Nf5 Bxf5 35. Bxf5 Qf6 36. Qf2 Kg7 37. Bc8 Qxf2+ 38. Kxf2 b5 39. Bb7 Nb4 40. Ke2 Nc2 1/2-1/2

[Event "EYCC Open-U16 2019"]
[Site "Bratislava"]
[Date "2019.08.04"]
[Round "3.13"]
[White "Ongut, Tamas Gunes"]
[Black "Stoyanov, Tsvetan"]
[Result "0-1"]
[ECO "B06"]
[WhiteElo "2158"]
[BlackElo "2387"]
[Annotator "NA"]
[PlyCount "74"]
[EventDate "2019.08.02"]
[EventType "swiss"]
[EventCountry "SVK"]
[SourceTitle "playchess.com"]
[Source "ChessBase"]
[SourceQuality "1"]
[TimeControl "40/5400+30:1800+30"]

1. e4 g6 2. d4 Bg7 3. Nc3 c6 4. f4 d6 5. Nf3 Bg4 6. Be3 Nd7 7. h3 Bxf3 8. Qxf3 e6 9. Bd3 Qb6 10. O-O-O Bxd4 11. Bxd4 Qxd4 12. e5 dxe5 13. Ne4 Ngf6 14. fxe5 Nxe4 15. Bxe4 Qxe5 16. Rxd7 Kxd7 17. Qxf7+ Kc8 18. Rd1 Rd8 19. Rxd8+ Kxd8 20. Qf8+ Kc7 21. Qxa8 Qxe4 22. b3 Qxg2 23. Qxa7 Qxh3 24. Qa5+ Kd7 25. Qd2+ Kc8 26. Qd4 Qh6+ 27. Kb2 Qf8 28. Qe5 Qe8 29. a4 h5 30. a5 h4 31. b4 g5 32. c4 h3 33. b5 cxb5 34. Qc5+ Kb8 35. cxb5 Qh8+ 36. Kb3 h2 37. Qd6+ Ka8 0-1

[Event "EYCC Open-U16 2019"]
[Site "Bratislava"]
[Date "2019.08.04"]
[Round "3.14"]
[White "Svane, Frederik"]
[Black "Sjoberg, Isak"]
[Result "1/2-1/2"]
[ECO "E81"]
[WhiteElo "2334"]
[BlackElo "2182"]
[Annotator "NA"]
[PlyCount "91"]
[EventDate "2019.08.02"]
[EventType "swiss"]
[EventCountry "SVK"]
[SourceTitle "playchess.com"]
[Source "ChessBase"]
[SourceQuality "1"]
[TimeControl "40/5400+30:1800+30"]

1. c4 Nf6 2. Nc3 g6 3. d4 Bg7 4. e4 d6 5. f3 O-O 6. Be3 c5 7. Nge2 Nc6 8. d5 Ne5 9. Ng3 e6 10. Be2 exd5 11. cxd5 h5 12. O-O Bd7 13. Qd2 a6 14. a4 b5 15. Bg5 Qb6 16. f4 Neg4 17. f5 Kh7 18. Kh1 c4 19. Qf4 b4 20. Nd1 c3 21. h3 Nh6 22. Qh4 Qd4 23. bxc3 bxc3 24. Ne3 Rae8 25. Rad1 Qc5 26. Bxf6 Qxe3 27. Rd3 Qb6 28. Rxc3 Bxf6 29. Qxf6 Qb2 30. Bxh5 gxh5 31. Nxh5 Rg8 32. Rg3 Qxf6 33. Nxf6+ Kh8 34. Rxg8+ Nxg8 35. Nxd7 Rxe4 36. Rb1 Rxa4 37. Rb6 Ne7 38. f6 Nxd5 39. Rxd6 Ne3 40. Ne5 Ra1+ 41. Kh2 Nf1+ 42. Kg1 Nd2+ 43. Kh2 Nf1+ 44. Kg1 Nd2+ 45. Kh2 Nf1+ 46. Kg1 1/2-1/2

[Event "EYCC Open-U16 2019"]
[Site "Bratislava"]
[Date "2019.08.04"]
[Round "3.15"]
[White "Ivanovic, Marko"]
[Black "Sahidi, Samir"]
[Result "0-1"]
[ECO "A39"]
[WhiteElo "2267"]
[BlackElo "2369"]
[Annotator "NA"]
[PlyCount "82"]
[EventDate "2019.08.02"]
[EventType "swiss"]
[EventCountry "SVK"]
[SourceTitle "playchess.com"]
[Source "ChessBase"]
[SourceQuality "1"]
[TimeControl "40/5400+30:1800+30"]

1. Nf3 Nf6 2. g3 c5 3. Bg2 g6 4. O-O Bg7 5. c4 O-O 6. Nc3 Nc6 7. d4 cxd4 8. Nxd4 Nxd4 9. Qxd4 d6 10. Qh4 Qc7 11. Bg5 Be6 12. Nd5 Bxd5 13. cxd5 Qb6 14. b3 Rfc8 15. Rac1 h5 16. e3 Qa5 17. a4 Qd2 18. Rc4 Qb2 19. Rb4 b6 20. Rd1 Rc2 21. Rf1 Rac8 22. Be4 Rd2 23. Bxf6 Bxf6 24. Qh3 Rc1 25. Rc4 Rxf1+ 26. Qxf1 Qxb3 27. Bf3 Kg7 28. h4 Qa2 29. Kg2 Rxf2+ 30. Qxf2 Qxc4 31. Qe2 Qxa4 32. Kh3 b5 33. g4 hxg4+ 34. Bxg4 Qe4 35. Qf3 Qxf3+ 36. Bxf3 Bc3 37. Be2 b4 38. Bd1 Kf6 39. Ba4 Bd2 40. e4 Ke5 41. Bc2 Kd4 0-1

[Event "EYCC Open-U16 2019"]
[Site "Bratislava"]
[Date "2019.08.04"]
[Round "3.16"]
[White "Bettalli, Francesco"]
[Black "Sorensen, Hampus"]
[Result "1/2-1/2"]
[ECO "A06"]
[WhiteElo "2095"]
[BlackElo "2352"]
[Annotator "NA"]
[PlyCount "49"]
[EventDate "2019.08.02"]
[EventType "swiss"]
[EventCountry "SVK"]
[SourceTitle "playchess.com"]
[Source "ChessBase"]
[SourceQuality "1"]
[TimeControl "40/5400+30:1800+30"]

1. Nf3 d5 2. e3 Nf6 3. b3 Bg4 4. Bb2 Nbd7 5. d4 e6 6. Be2 Be7 7. O-O O-O 8. c4 c6 9. Nbd2 a5 10. a3 h6 11. Qc2 Bf5 12. Bd3 Bxd3 13. Qxd3 Qb6 14. c5 Qa6 15. Qxa6 Rxa6 16. b4 Rfa8 17. Nb3 axb4 18. axb4 Bd8 19. Rxa6 Rxa6 20. Ra1 Rxa1+ 21. Bxa1 Bc7 22. Nfd2 Kf8 23. Nb1 Ke7 24. Na3 Kd8 25. b5 1/2-1/2

[Event "EYCC Open-U16 2019"]
[Site "Bratislava"]
[Date "2019.08.04"]
[Round "3.17"]
[White "Boyer, Mahel"]
[Black "Bin-Suhayl, Ieysaa"]
[Result "1-0"]
[ECO "A58"]
[WhiteElo "2295"]
[BlackElo "2084"]
[Annotator "NA"]
[PlyCount "79"]
[EventDate "2019.08.02"]
[EventType "swiss"]
[EventCountry "SVK"]
[SourceTitle "playchess.com"]
[Source "ChessBase"]
[SourceQuality "1"]
[TimeControl "40/5400+30:1800+30"]

1. d4 Nf6 2. c4 c5 3. d5 b5 4. cxb5 a6 5. bxa6 g6 6. Nc3 Bg7 7. e4 O-O 8. e5 Ne8 9. h4 Bxe5 10. Bh6 Ng7 11. h5 Bxa6 12. Nf3 Bf6 13. Qd2 e6 14. O-O-O Bxf1 15. Rdxf1 Qa5 16. Ne4 Qxd2+ 17. Bxd2 Bd8 18. hxg6 fxg6 19. Kb1 exd5 20. Nxc5 Bb6 21. Rc1 Ne6 22. Nxe6 dxe6 23. Ng5 h5 24. Nxe6 Rxf2 25. Rc8+ Kf7 26. Ng5+ Kf6 27. Bc1 Ke7 28. Re1+ Kd7 29. Ree8 Rf1 30. Ne6 d4 31. Nf8+ Kd6 32. Re6+ Kd5 33. Rxb6 d3 34. Rbxb8 d2 35. Rxa8 d1=Q 36. Rd8+ Kc5 37. Ne6+ Kb5 38. Rab8+ Ka5 39. b4+ Ka4 40. Nc5# 1-0

[Event "EYCC Open-U16 2019"]
[Site "Bratislava"]
[Date "2019.08.04"]
[Round "3.18"]
[White "Fernandez Garcia, Gumersindo"]
[Black "Suvorov, Alexander"]
[Result "1/2-1/2"]
[ECO "D35"]
[WhiteElo "2011"]
[BlackElo "2333"]
[Annotator "NA"]
[PlyCount "154"]
[EventDate "2019.08.02"]
[EventType "swiss"]
[EventCountry "SVK"]
[SourceTitle "playchess.com"]
[Source "ChessBase"]
[SourceQuality "1"]
[TimeControl "40/5400+30:1800+30"]

1. d4 Nf6 2. c4 e6 3. Nc3 d5 4. cxd5 exd5 5. Bg5 Bb4 6. e3 O-O 7. Nf3 h6 8. Bxf6 Qxf6 9. Qb3 Qb6 10. Bd3 c6 11. O-O Bd6 12. Qxb6 axb6 13. Nh4 Re8 14. Nf5 Bf8 15. a3 b5 16. Ng3 Nd7 17. a4 b4 18. Nce2 g6 19. b3 f5 20. Nf4 Kg7 21. h4 h5 22. Nge2 Nf6 23. g3 Bd6 24. Kg2 Ra5 25. Rac1 Bd7 26. Rc2 Ne4 27. Rfc1 Rea8 28. Re1 Nf6 29. Rec1 Ne8 30. Re1 Nc7 31. Rec1 Rc8 32. Kg1 Be8 33. Kg2 Bf7 34. Kg1 Ne6 35. Nxe6+ Bxe6 36. Nf4 Bf7 37. Kg2 Raa8 38. Be2 Rc7 39. Bf3 Rac8 40. Kf1 b6 41. Ke1 Kf6 42. Kd2 Ke7 43. Bg2 Bxf4 44. gxf4 Kd6 45. a5 bxa5 46. Rc5 Ra8 47. Ra1 Rca7 48. Ra4 Kc7 49. Bf1 Kb6 50. Bd3 Be6 51. Rc1 Bc8 52. Rg1 Rg7 53. Be2 Raa7 54. Rc1 Rg8 55. Rg1 c5 56. dxc5+ Kxc5 57. Bxh5 Rh8 58. Bf3 Bd7 59. Raa1 Rh6 60. Rg5 Kd6 61. Kc2 Be6 62. Kb2 Ke7 63. Rd1 Rd7 64. h5 Kf6 65. hxg6 Rxg6 66. Rxg6+ Kxg6 67. Ra1 d4 68. Rxa5 dxe3 69. fxe3 Rd3 70. Re5 Rxb3+ 71. Kc2 Rc3+ 72. Kb2 Kf6 73. Bd1 Rd3 74. Bc2 Rd2 75. Kc1 Rd5 76. e4 Rxe5 77. fxe5+ Kxe5 1/2-1/2

[Event "EYCC Open-U16 2019"]
[Site "Bratislava"]
[Date "2019.08.04"]
[Round "3.19"]
[White "Milosevic, Milos"]
[Black "Fuglestein, Sander"]
[Result "1-0"]
[ECO "B23"]
[WhiteElo "2312"]
[BlackElo "1997"]
[Annotator "NA"]
[PlyCount "81"]
[EventDate "2019.08.02"]
[EventType "swiss"]
[EventCountry "SVK"]
[SourceTitle "playchess.com"]
[Source "ChessBase"]
[SourceQuality "1"]
[TimeControl "40/5400+30:1800+30"]

1. e4 c5 2. Nc3 Nc6 3. f4 d6 4. Nf3 g6 5. Bb5 Bg7 6. Bxc6+ bxc6 7. O-O Nf6 8. d3 O-O 9. Qe1 Nd7 10. Bd2 Rb8 11. b3 e6 12. Qf2 f5 13. Rae1 fxe4 14. Nxe4 Nf6 15. Neg5 Re8 16. Re2 h6 17. Ne4 Rb7 18. Qg3 Nxe4 19. dxe4 Kh7 20. e5 Rg8 21. Be3 Qe7 22. exd6 Qxd6 23. Ng5+ Kh8 24. Ne4 Qd5 25. Nxc5 Re7 26. Qh4 Rf7 27. Rd2 Qf5 28. Rfd1 h5 29. Qg5 Qxg5 30. fxg5 e5 31. Rd6 Bg4 32. R1d2 Rgf8 33. Rf2 Rxf2 34. Bxf2 Bf5 35. Ne6 Bxe6 36. Rxe6 Rd8 37. Be3 Rd1+ 38. Kf2 Ra1 39. a4 Kg8 40. Rxg6 c5 41. Rc6 1-0

[Event "EYCC Open-U16 2019"]
[Site "Bratislava"]
[Date "2019.08.04"]
[Round "3.20"]
[White "Marn, Jan"]
[Black "Tsoi, Dmitry"]
[Result "1-0"]
[ECO "A90"]
[WhiteElo "2215"]
[BlackElo "2314"]
[Annotator "NA"]
[PlyCount "153"]
[EventDate "2019.08.02"]
[EventType "swiss"]
[EventCountry "SVK"]
[SourceTitle "playchess.com"]
[Source "ChessBase"]
[SourceQuality "1"]
[TimeControl "40/5400+30:1800+30"]

1. d4 f5 2. c4 Nf6 3. g3 e6 4. Bg2 d5 5. Qc2 c6 6. Nh3 Bd6 7. Bf4 O-O 8. O-O Ne4 9. Nd2 Qe7 10. Nf3 Nd7 11. Bxd6 Nxd6 12. b3 dxc4 13. bxc4 e5 14. dxe5 Nxe5 15. Nxe5 Qxe5 16. Nf4 Be6 17. c5 Nb5 18. e3 Rad8 19. a4 Nc7 20. e4 Rd4 21. exf5 Qxf5 22. Qb2 Rxf4 23. gxf4 Qxf4 24. Ra3 Nd5 25. Qxb7 Qd4 26. Qxc6 Nf4 27. Qd6 Qc4 28. Re3 Bf5 29. Rfe1 h5 30. Bf1 Qxa4 31. c6 Rf6 32. Ra3 Rxd6 33. Rxa4 Rg6+ 34. Kh1 Nh3 35. Bxh3 Bxh3 36. Rg1 Rxc6 37. Rxa7 g6 38. Rb1 Rc8 39. f4 Rf8 40. Rb3 Be6 41. Rb4 Bh3 42. Kg1 h4 43. Kf2 g5 44. Ra5 Rxf4+ 45. Rxf4 gxf4 46. Rh5 Kg7 47. Rxh4 Bf5 48. Rxf4 Bc2 49. Rc4 Bd3 50. Rc6 Be4 51. Rb6 Bd3 52. Ke3 Bc2 53. Kf4 Bd3 54. Kg5 Bc2 55. Rb7+ Kg8 56. Kh6 Bd3 57. Rg7+ Kf8 58. Rg5 Kf7 59. Kh5 Be2+ 60. Kh4 Kf6 61. Rg1 Bd3 62. Rg8 Bg6 63. Kg4 Kf7 64. Ra8 Bd3 65. Kg5 Kg7 66. Ra7+ Kh8 67. Kh6 Bc4 68. h4 Bd5 69. h5 Bc4 70. Ra8+ Bg8 71. Kg5 Kg7 72. h6+ Kh8 73. Rc8 Kh7 74. Rc7+ Kh8 75. Kg6 Bd5 76. h7 Be4+ 77. Kh6 1-0

[Event "EYCC Open-U16 2019"]
[Site "Bratislava"]
[Date "2019.08.04"]
[Round "3.21"]
[White "Geher, Koppany"]
[Black "Kazmin, Semen"]
[Result "1-0"]
[ECO "C75"]
[WhiteElo "2211"]
[BlackElo "2193"]
[Annotator "NA"]
[PlyCount "79"]
[EventDate "2019.08.02"]
[EventType "swiss"]
[EventCountry "SVK"]
[SourceTitle "playchess.com"]
[Source "ChessBase"]
[SourceQuality "1"]
[TimeControl "40/5400+30:1800+30"]

1. e4 e5 2. Nf3 Nc6 3. Bb5 a6 4. Ba4 d6 5. c3 Bd7 6. O-O g5 7. d4 g4 8. Ne1 h5 9. f4 exd4 10. cxd4 Bg7 11. Be3 f5 12. Nc3 b5 13. Bb3 b4 14. Nd5 Nge7 15. Rc1 a5 16. e5 a4 17. Bc4 Ra5 18. Nxe7 Nxe7 19. Qd2 d5 20. Be2 a3 21. b3 Qb8 22. Nd3 Rb5 23. Nc5 Rb6 24. Na6 Rxa6 25. Bxa6 Qb6 26. Bd3 Kf7 27. Rc5 c6 28. Rfc1 Rc8 29. h3 Bf8 30. Qc2 Kg6 31. Qf2 Ng8 32. hxg4 hxg4 33. R5c2 Qd8 34. Qg3 Nh6 35. Kf2 Be7 36. Rh1 Qb6 37. Rcc1 Rh8 38. Rh2 Bc8 39. Rch1 Ba6 40. Rxh6+ 1-0